 Dungeon Crawl Stone Soup version 0.19-a0-1402-g0c1e9a7 (webtiles) character file.

2498 stupendous the Carver (level 9, -9/69 HPs)
             Began as a Formicid Fighter on Sept 4, 2016.
             Was a Believer of Okawaru.
             Killed by divine providence
             ... invoked by an orc priest
              (11 damage)
             ... on level 6 of the Dungeon.
             The game lasted 00:19:41 (5137 turns).

stupendous the Carver (Formicid Fighter)            Turns: 5137, Time: 00:19:42

Health: -9/69      AC:  9    Str: 23    XL:     9   Next: 82%
Magic:  8/9        EV:  9    Int:  7    God:    Okawaru [**....]
Gold:   330        SH: 10    Dex: 12    Spells: 0 memorised, 8 levels left

rFire  . . .     SeeInvis +     a - +0 long sword
rCold  . . .     Gourm    .     b - +0 scale mail
rNeg   . . .     Faith    .     c - +0 shield
rPois  .         Spirit   .     (helmet unavailable)
rElec  .         Dismiss  .     w - +1 cloak
rCorr  .         Reflect  .     (no gloves)
MR     .....     Harm     .     (no boots)
Stlth  +.........               (no amulet)
                                n - ring of stealth
                                (no ring)

@: flying
A: permanent stasis, dig shafts and tunnels, four strong arms, antennae 3
a: Dig, Shaft Self, Heroism, Renounce Religion


You were on level 6 of the Dungeon.
You worshipped Okawaru.
Okawaru was pleased with you.
You were very hungry.

You visited 2 branches of the dungeon, and saw 7 of its levels.

You collected 330 gold pieces.

Inventory:

Hand Weapons
 a - a +0 long sword (weapon)
Armour
 b - a +0 scale mail (worn)
 c - a +0 shield (worn)
 w - a +1 cloak (worn)
Jewellery
 n - a ring of stealth (right hand)
 I - a cursed amulet of inaccuracy {unknown}
Wands
 u - a wand of hasting (5/9)
Scrolls
 e - 2 scrolls of blinking {unknown}
 m - 2 scrolls of fog {unknown}
 p - 4 scrolls of fear {unknown}
 q - 4 scrolls of enchant armour {unknown}
 r - a scroll of noise {unknown}
 s - a scroll of enchant weapon {unknown}
 y - a scroll of teleportation {unknown}
 A - 2 scrolls of remove curse {unknown}
 B - 2 scrolls of identify {unknown}
 D - 2 scrolls of immolation {unknown}
 E - a scroll of magic mapping {unknown}
 G - a scroll of amnesia {unknown}
 H - a scroll of recharging {unknown}
Potions
 g - 2 potions of lignification {unknown}
 i - a potion of cure mutation {unknown}
 j - 2 potions of flight
 k - a potion of haste
 l - a potion of degeneration {unknown}
 z - a potion of heal wounds {unknown}
Comestibles
 d - 3 chunks of flesh
 f - 5 bread rations
 h - 2 meat rations
 o - 2 fruits
 t - 2 royal jellies
 x - 2 slices of pizza
 F - 2 beef jerkies


   Skills:
 - Level 6.1 Fighting
 + Level 10.0 Long Blades
 - Level 6.0 Armour
 - Level 6.1 Shields


You had 8 spell levels left.
You didn't know any spells.

Dungeon Overview and Level Annotations

Branches:
Dungeon (6/15)             Temple (1/1) D:4

Altars:
Ashenzari
Cheibriados
Elyvilon
Fedhas
Gozag
Hepliaklqana
Kikubaaqudgha
Makhleb
Nemelex Xobeh
Okawaru
Qazlal
Ru
Sif Muna
Trog
Uskayaw
Vehumet
Xom
Yredelemnul
Zin
The Shining One


Innate Abilities, Weirdness & Mutations

You are under a permanent stasis effect.
You can dig through walls and to a lower floor.
Your four strong arms can wield two-handed weapons with a shield.
You have a pair of large antennae on your head. (SInv)


Message History

You destroy the phantom!
Okawaru accepts your kill.
Your base Long Blades skill increases to level 10!
Items here: ( ) [ † a long sword; 6 tomahawks; a plate armour; an orc corpse An orc comes into view.
It is wielding a flail.
You see here a tomahawk.
You see here a worker ant corpse.
You feel like a meek peon again. You block the orc priest's attack.
You are feeling very hungry.
The orc shouts!
You hit the orc priest but do no damage.
The orc priest mumbles some strange prayers to Beogh against you.
Beogh smites you!
* * * LOW HITPOINT WARNING * * *
You barely miss the orc priest.
The orc priest invokes the aid of Beogh against you.
Beogh smites you!
You die...

##.#### #...... ###
######...##. #..
..........#. #.#
######...### #.#
##.## #o# #.# #o####
#.# #@##)## ##'##
#†#.#.# ##...##
#.(#### ##.....##
#.#.## #.......#
####(...####.........
#..........+.........
#.##....####.........
#.#.....)(..#.......#
#.#..##.###.##.....##


You could see an orc priest and an orc.

Vanquished Creatures
  A troll (D:6)
  Sigmund (D:4)
  3 yaks
  The ghost of stupendous the Shield-Bearer, an amateur FoFi (D:3)
  A phantom (D:6)
  A sky beast (D:5)
  3 orc warriors (D:6)
  2 ogres (D:6)
  2 centaurs (D:5)
  A giant frog (D:6)
  A crimson imp (D:6)
  2 howler monkeys
  3 hounds
  A centaur skeleton (D:4)
  4 orc wizards
  A jelly (D:5)
  A worker ant (D:6)
  Natasha (thrice) (D:4)
  A hound zombie (D:6)
  A worker ant zombie (D:5)
  A gnoll (D:1)
  7 adders
  4 oozes
  2 worms
  2 dart slugs
  3 giant geckos
  11 orcs
  11 bats
  5 giant cockroaches
  4 goblins
  13 hobgoblins
  10 jackals
  A quokka (D:3)
  A ball python (D:2)
  4 giant newts
  A jackal skeleton (D:5)
  A kobold (D:2)
  10 rats
125 creatures vanquished.

Vanquished Creatures (others)
  An orc wizard (D:6)
1 creature vanquished.

Grand Total: 126 creatures vanquished

Notes
Turn   | Place    | Note
-------+----------+-------------------------------------------
     0 | D:1      | stupendous the Formicid Fighter began the quest for the Orb.
     0 | D:1      | Reached XP level 1. HP: 18/18 MP: 1/1
    87 | D:1      | Reached XP level 2. HP: 23/24 MP: 2/2
   188 | D:1      | Reached XP level 3. HP: 26/29 MP: 3/3
   359 | D:1      | Found a sparkling altar of Nemelex Xobeh.
   527 | D:2      | Reached XP level 4. HP: 37/37 MP: 4/4
  1241 | D:2      | Reached XP level 5. HP: 42/42 MP: 5/5
  1456 | D:3      | Found a stormy altar of Qazlal.
  1511 | D:3      | Reached skill level 3 in Long Blades
  1543 | D:3      | Reached skill level 5 in Shields
  1574 | D:3      | Reached XP level 6. HP: 49/49 MP: 6/6
  1684 | D:3      | Noticed stupendous's ghost (amateur FoFi)
  1706 | D:3      | Killed stupendous's ghost
  1982 | D:4      | Noticed Sigmund
  1996 | D:4      | Killed Sigmund
  1996 | D:4      | Reached skill level 5 in Fighting
  1996 | D:4      | Reached skill level 4 in Long Blades
  1996 | D:4      | Reached skill level 5 in Armour
  1996 | D:4      | Reached XP level 7. HP: 38/56 MP: 7/7
  2104 | D:4      | Noticed Natasha
  2119 | D:4      | Killed Natasha
  2287 | D:4      | Noticed a yak
  2289 | D:4      | Noticed a yak
  2341 | D:3      | Killed a yak
  2543 | D:3      | Killed a yak
  2543 | D:3      | Reached XP level 8. HP: 62/64 MP: 8/8
  2556 | D:4      | Noticed a yak
  2605 | D:4      | Killed a yak
  2605 | D:4      | Reached skill level 5 in Long Blades
  2770 | D:4      | Noticed Natasha
  2784 | D:4      | Killed Natasha
  2941 | D:4      | Noticed Natasha
  2952 | D:4      | Killed Natasha
  3011 | D:4      | Found a staircase to the Ecumenical Temple.
  3030 | Temple   | Entered the Ecumenical Temple
  3090 | Temple   | Became a worshipper of Warmaster Okawaru
  3457 | D:5      | Entered Level 5 of the Dungeon
  3644 | D:5      | Reached skill level 6 in Long Blades
  3890 | D:5      | Reached skill level 7 in Long Blades
  3890 | D:5      | Reached XP level 9. HP: 61/69 MP: 9/9
  4203 | D:6      | Reached * piety under Okawaru
  4407 | D:6      | Reached skill level 8 in Long Blades
  4486 | D:6      | Found a hide-covered altar of Uskayaw.
  4486 | D:6      | Found a hazy altar of Hepliaklqana.
  4486 | D:6      | Found a radiant altar of Vehumet.
  4653 | D:6      | Noticed a troll
  4679 | D:6      | Killed a troll
  4679 | D:6      | Reached skill level 9 in Long Blades
  5116 | D:6      | HP: 1/69 [orc warrior/long sword (13)]
  5128 | D:6      | Reached ** piety under Okawaru
  5128 | D:6      | Reached skill level 10 in Long Blades
  5136 | D:6      | HP: 2/69 [orc priest/divine providence (11)]
  5137 | D:6      | Killed from afar by an orc priest

Vault maps used:
D:1:      lightli_arrival_flooded_house, nemelex_xobeh_ov_fountains_minmay
D:2:      first_bread
D:3:      grunt_qazlal_sundering, kennysheep_generic_room_8
D:4:      uniq_sigmund, uniq_natasha
D:6:      grunt_temple_overflow_open, st_stairs_7
Temple:   regret_index_temple_sphere_string

Skill      XL: |  1  2  3  4  5  6  7  8  9 |
---------------+----------------------------+-----
Shields        | 4 5 6 |  6.1
Fighting       | 4 5 6 |  6.1
Long Blades    | 3 4 7 10 | 10.0
Armour         | 4 5 6 |  6.0

Action                   |  1- 3 |  4- 6 |  7- 9 || total
-------------------------+-------+-------+-------++-------
Melee: Long sword        |    72 |   225 |   372 ||   669
Invok: Heroism           |       |       |     2 ||     2
 Abil: Dig               |       |       |     1 ||     1
  Use: Potion            |       |       |     6 ||     6
  Eat: Chunk             |       |     4 |    10 ||    14
Armor: Scale mail        |    31 |    70 |    97 ||   198
Dodge: Dodged            |    18 |    55 |    95 ||   168
Block: Shield            |    39 |    93 |   171 ||   303
